 Dungeon Crawl Stone Soup version 0.18.1-47-g9310371 (webtiles) character file.

57125 Lul the Cleaver (level 14, -4/113 HPs)
             Began as a Demonspawn Abyssal Knight on June 9, 2016.
             Was an Elder of Lugonu.
             Slain by a black mamba (13 damage)
             ... on level 1 of the Lair of Beasts on June 14, 2016.
             The game lasted 02:14:11 (24392 turns).

Lul the Cleaver (Demonspawn Abyssal Knight)        Turns: 24392, Time: 02:14:12

Health: -4/113     AC:  8    Str: 17    XL:     14   Next: 44%
Magic:  0/20       EV: 20    Int: 21    God:    Lugonu [****..]
Gold:   1266       SH:  9    Dex: 16    Spells: 3 memorised, 8 levels left

rFire  + . .     SeeInvis +     a - +5 hand axe (chop)
rCold  + . .     Gourm    .     r - +4 scale mail
rNeg   . . .     Faith    .     G - +3 buckler of Untold Secrets {MR+ Int+8 Dex+2}
rPois  .         Spirit   +     L - +0 mask of the Dragon {MR+ Slay+3 SInv}
rElec  .         Dismiss  .     w - +2 cloak
rCorr  .         Reflect  .     (gloves unavailable)
SustAt .         Harm     .     (no boots)
MR     +++..                    s - amulet of guardian spirit
Stlth  +.........               A - ring of protection from fire
                                U - +5 ring of protection

@: corroded, extremely resistant to hostile enchantments, very unstealthy
A: claws 3, repulsion field 2, cold resistance 1, powered by death 2
a: Depart the Abyss, Bend Space, Banish, Corrupt, Renounce Religion


You were on level 1 of the Lair of Beasts.
You worshipped Lugonu.
Lugonu was greatly pleased with you.
You were not hungry.

You visited 2 branches of the dungeon, and saw 18 of its levels.
You visited the Abyss 1 time.
You also visited: Labyrinth and Sewer.

You collected 1396 gold pieces.
You spent 130 gold pieces at shops.

Inventory:

Hand Weapons
 a - a +5 hand axe of chopping (weapon)
 K - a +3 battleaxe
Armour
 r - a +4 scale mail (worn)
 w - a +2 cloak (worn)
 G - the +3 buckler of Untold Secrets (worn) {MR+ Int+8 Dex+2}
   (You found it on level 8 of the Dungeon)

   It affects your intelligence (+8).
   It affects your dexterity (+2).
   It affects your resistance to hostile enchantments.
 H - a +2 pair of gloves
 J - a +0 crystal plate armour
 L - the +0 mask of the Dragon (worn) {MR+ Slay+3 SInv}
   (You found it on level 9 of the Dungeon)

   It affects your accuracy and damage with ranged weapons and melee attacks
   (+3).
   It affects your resistance to hostile enchantments.
   It lets you see invisible.
Jewellery
 g - an uncursed amulet of the gourmand
 j - an uncursed ring of protection from cold
 l - an uncursed ring of positive energy
 s - an amulet of guardian spirit (around neck)
 A - a ring of protection from fire (right claw)
 F - the ring "Erphi" {*Tele rC+ Dex+2}
   (You found it on level 6 of the Lair of Beasts)

   [ring of teleportation]

   It may teleport you next to monsters.
   It affects your dexterity (+2).
   It protects you from cold.
 U - a +5 ring of protection (left claw)
Wands
 f - a wand of disintegration (0/24)
 m - a wand of heal wounds (6/9)
 u - a wand of iceblast (4/15)
 E - a wand of lightning (4/15)
 Y - a wand of iceblast (1/15)
Scrolls
 b - 5 scrolls of remove curse
 o - a scroll of blinking
 p - 2 scrolls of magic mapping
 q - 4 scrolls of amnesia
 v - 3 scrolls of recharging
 y - 2 scrolls of noise
 I - 8 scrolls of identify
 P - 2 scrolls of fog
 Z - 3 scrolls of teleportation
Potions
 d - a potion of cancellation
 e - 3 potions of brilliance
 h - 9 potions of curing
 z - 2 potions of flight
 B - a potion of magic
 M - 2 potions of cure mutation
Books
 C - a book of Clouds

   Spells                             Type                      Level
   a - Mephitic Cloud                 Conjuration/Poison/Air       3
   b - Conjure Flame                  Conjuration/Fire             3
   c - Poisonous Cloud                Conjuration/Poison/Air       6
   d - Freezing Cloud                 Conjuration/Ice/Air          6
   e - Ring of Flames                 Charms/Fire                  7
 D - a book of Transfigurations

   Spells                             Type                      Level
   a - Irradiate                      Conjuration/Transmutation    5
   b - Statue Form                    Transmutation/Earth          6
   c - Hydra Form                     Transmutation                6
   d - Dragon Form                    Transmutation                7
 R - a book of Enchantments

   Spells                             Type                      Level
   a - Cause Fear                     Hexes                        4
   b - Yara's Violent Unravelling     Hexes/Transmutation          5
   c - Silence                        Hexes/Air                    5
   d - Deflect Missiles               Charms/Air                   6
   e - Haste                          Charms                       6
   f - Discord                        Hexes                        8
 T - Roxanne's Volume of the Mountains
   (You found it in a labyrinth)

   Spells                             Type                      Level
   a - Sandblast                      Earth                        1
   b - Stone Arrow                    Conjuration/Earth            3
   c - Petrify                        Transmutation/Earth          4
   d - Statue Form                    Transmutation/Earth          6
   e - Shatter                        Earth                        9
Comestibles
 c - 9 bread rations
 i - 5 meat rations
 k - a beef jerky
 n - 10 royal jellies
 x - 19 fruits


   Skills:
 + Level 11.1 Fighting
 + Level 12.1 Axes
 + Level 8.0 Armour
 + Level 12.1 Dodging
 + Level 3.9 Stealth
 + Level 8.2 Shields
 + Level 1.2 Spellcasting
 + Level 0.6 Hexes
 + Level 8.1 Invocations
 + Level 0.8 Evocations


You had 8 spell levels left.
You knew the following spells:

 Your Spells              Type           Power        Failure   Level  Hunger
a - Corona                Hex            #......      41%         1    ##.....
b - Confuse               Hex            #.......     95%         3    ####...
c - Dazzling Spray        Conj/Hex       #.....       95%         3    ####...


Dungeon Overview and Level Annotations

Branches:
Dungeon (10/15)            Temple (0/1) D:5            Lair (8/8) D:9
 Shoals (0/4) Lair:5       Spider (0/4) Lair:3        Slime (0/6) Lair:8
    Orc: D:9-12

Altars:
Ashenzari
Cheibriados
Fedhas
Makhleb
Nemelex Xobeh
Pakellas
Qazlal
Zin

Shops:
D:9 !

Annotations:
D:7 Prince Ribbit
Lair:1 exclusion: 7 oklob plants
Lair:3 corrupted
Lair:6 corrupted, 1 exclusion
Lair:8 exclusion: 2 oklob plants


Innate Abilities, Weirdness & Mutations

You have claws for hands.
You are surrounded by a moderate repulsion field (EV +3).
You regenerate health from kills.
Your flesh is cold resistant.


Message History

You block the black mamba's attack.
You hit the black mamba but do no damage.
The black mamba is lightly wounded.
The black mamba bites you.
* * * LOW HITPOINT WARNING * * *
You hit the black mamba but do no damage.
The black mamba is lightly wounded.
The black mamba completely misses you. The black mamba bites you!
* * * LOW HITPOINT WARNING * * *
You barely miss the black mamba.
The black mamba is lightly wounded.
The black mamba closely misses you.
You hit the black mamba but do no damage.
The black mamba is lightly wounded.
The black mamba bites you!
* * * LOW HITPOINT WARNING * * *
You hit the black mamba but do no damage.
The black mamba is lightly wounded.
The black mamba bites you!
You die...

## ..###..P##.P .#####
.P.[...P.P.
#####PP...###....P.P.P.
##.#PPPPP.PPP...P...P.P
##...P.PPPP.P......P#
#..PPP.P.PPP..P...###
....P..##PP.####P..#
.......P###PP##.#.##
######.######.##@########
...............S........##
.........................#
........................##
........................##
........................P#
........................##
........................#
........................##


You could see a black mamba.

Vanquished Creatures
  Josephine (Lair:6)
  Harold (Lair:3)
  3 catoblepae (Lair:8)
  14 death yaks
  3 oklob plants
  A cyclops (D:9)
  3 black mambas
  27 elephants
  3 rime drakes
  4 komodo dragons
  12 spiny frogs
  A queen bee (Lair:2)
  A polar bear (Lair:5)
  4 jumping spiders (Lair:3)
  A slime creature (Lair:7)
  13 blink frogs
  2 boulder beetles (Lair:7)
  6 redbacks
  A spriggan (Lair:4)
  4 wraiths (Lair:6)
  21 yaks
  7 hippogriffs
  The ghost of Dickchan the Changer, an amateur NaTm (Sewer)
  A basilisk (Lair:4)
  2 swamp worms (Lair:7)
  3 hungry ghosts
  A steam dragon (D:8)
  14 water moccasins
  7 porcupines
  2 swamp drakes (Lair:7)
  Purgy (Sewer)
  A black bear (D:6)
  5 ice beasts
  2 phantoms
  2 orc warriors
  6 necrophages
  A sky beast (D:8)
  An ogre (D:9)
  22 wolves
  2 centaurs (D:8)
  19 crocodiles
  A big kobold (D:7)
  20 giant frogs
  A scorpion (D:4)
  17 killer bees (Lair:2)
  4 wights (D:8)
  A crimson imp (D:5)
  A howler monkey (D:6)
  A giant frog zombie (D:6)
  5 hounds
  9 orc priests
  A jelly (D:6)
  7 orc wizards
  Ijyb (D:3)
  2 centaur skeletons (D:10)
  5 iguanas
  Jessica (D:3)
  5 worker ants
  23 sheep
  3 hound skeletons
  Robin (D:3)
  A worker ant zombie (D:9)
  6 gnolls
  9 adders
  72 river rats
  4 shadow imps
  3 oozes
  2 adder skeletons
  2 worms
  A dart slug (D:3)
  34 orcs
  9 ball pythons
  5 giant cockroaches
  10 goblins
  12 hobgoblins
  3 quokkas
  8 bats
  5 giant newts
  A jackal skeleton (D:7)
  12 kobolds
  12 rats
  9 fungi
  A plant (Lair:1)
556 creatures vanquished.

Vanquished Creatures (others)
  Rupert (Lair:3)
  A minotaur (Lab)
  8 hydras
  A death yak (Lair:5)
  4 lindwurms (Lair:6)
  A black mamba (Lair:3)
  5 hungry ghosts (Lab)
  A crocodile (Lair:3)
  15 fungi
  10 plants
  12 starspawn tentacles
  63 starspawn tentacle segments
122 creatures vanquished.

Grand Total: 678 creatures vanquished

Notes
Turn   | Place    | Note
--------------------------------------------------------------
     0 | Abyss:1  | Lul the Demonspawn Abyssal Knight began the quest for the Orb.
     0 | Abyss:1  | Reached XP level 1. HP: 18/18 MP: 2/2
    81 | Abyss:2  | Noticed a ynoxinul
    84 | D:1      | Escaped the Abyss
   161 | D:1      | Reached skill level 1 in Dodging
   170 | D:1      | Gained mutation: You are surrounded by a mild repulsion field (EV +2). [demonic ancestry]
   170 | D:1      | Reached XP level 2. HP: 24/24 MP: 3/3
   472 | D:1      | Reached * piety under Lugonu
  1090 | D:2      | Gained mutation: You regenerate a little health from kills. [demonic ancestry]
  1090 | D:2      | Reached XP level 3. HP: 24/29 MP: 4/4
  1441 | D:2      | Reached XP level 4. HP: 20/37 MP: 2/5
  1631 | D:3      | Reached ** piety under Lugonu
  1884 | D:3      | Noticed Jessica
  1895 | D:3      | Killed Jessica
  1951 | D:3      | Gained mutation: You have sharp fingernails. [demonic ancestry]
  1951 | D:3      | Reached XP level 5. HP: 41/42 MP: 4/6
  2742 | D:3      | Noticed a phantom
  2768 | D:3      | Killed a phantom
  2768 | D:3      | Reached XP level 6. HP: 27/49 MP: 4/7
  2820 | D:3      | Noticed Robin
  2851 | D:3      | Killed Robin
  3047 | D:3      | Noticed Ijyb
  3069 | D:3      | Killed Ijyb
  3353 | D:4      | Reached *** piety under Lugonu
  3507 | D:4      | Gained mutation: You have very sharp fingernails. [demonic ancestry]
  3507 | D:4      | Reached XP level 7. HP: 51/55 MP: 8/8
  3883 | D:5      | Entered Level 5 of the Dungeon
  3957 | D:5      | Found a staircase to the Ecumenical Temple.
  4156 | D:5      | Noticed a hungry ghost
  4175 | D:5      | Killed a hungry ghost
  4175 | D:5      | Reached skill level 5 in Fighting
  4175 | D:5      | Reached skill level 1 in Stealth
  4827 | D:6      | Reached XP level 8. HP: 47/62 MP: 9/9
  5024 | D:6      | Found a glowing drain.
  5036 | Sewer    | Entered a sewer
  5081 | Sewer    | Noticed Purgy
  5109 | Sewer    | Killed Purgy
  5109 | Sewer    | Reached skill level 5 in Axes
  5196 | Sewer    | Noticed Dickchan's ghost (amateur NaTm)
  5212 | Sewer    | Killed Dickchan's ghost
  5266 | D:6      | Reached skill level 5 in Dodging
  5294 | D:6      | Reached **** piety under Lugonu
  5899 | D:7      | Reached XP level 9. HP: 69/69 MP: 8/11
  6052 | D:7      | Noticed Prince Ribbit
  6381 | D:8      | Got a steaming buckler
  6394 | D:8      | Identified the +3 buckler of Untold Secrets {MR+ Int+8 Dex+2} (You found it on level 8 of the Dungeon)
  6450 | D:8      | Found a snail-covered altar of Cheibriados.
  6450 | D:8      | Found a sparkling altar of Nemelex Xobeh.
  6450 | D:8      | Found a stormy altar of Qazlal.
  6451 | D:8      | Found a shattered altar of Ashenzari.
  6488 | D:8      | Reached skill level 5 in Armour
  6495 | D:8      | Gained mutation: Scrolls take you a little longer to read. [mutagenic meat]
  6496 | D:8      | Gained mutation: You passively map a small area around you. [mutagenic meat]
  6497 | D:8      | Gained mutation: Armour fits poorly on your strangely shaped body. [mutagenic meat]
  6498 | D:8      | Gained mutation: You are robust (+10% HP). [mutagenic meat]
  6500 | D:8      | Gained mutation: Your body sometimes deteriorates upon taking damage. [mutagenic meat]
  6604 | D:8      | Found a burning altar of Makhleb.
  6604 | D:8      | Found an oddly glowing altar of Pakellas.
  6604 | D:8      | Found a glowing silver altar of Zin.
  6604 | D:8      | Found a blossoming altar of Fedhas.
  6605 | D:8      | Lost mutation: Scrolls take you a little longer to read. [potion of cure mutation]
  6605 | D:8      | Lost mutation: Your body sometimes deteriorates upon taking damage. [potion of cure mutation]
  6605 | D:8      | Lost mutation: Armour fits poorly on your strangely shaped body. [potion of cure mutation]
  6605 | D:8      | Lost mutation: You are robust (+10% HP). [potion of cure mutation]
  6605 | D:8      | Lost mutation: You passively map a small area around you. [potion of cure mutation]
  7264 | D:8      | Reached skill level 1 in Shields
  7783 | D:8      | You fall through a shaft for 2 floors!
  7783 | D:10     | Entered Level 10 of the Dungeon
  8394 | D:9      | Found Mira's Distillery.
  8417 | D:9      | Bought a potion of heal wounds for 65 gold pieces
  8417 | D:9      | Bought a potion of heal wounds for 65 gold pieces
  8554 | D:9      | Reached XP level 10. HP: 79/79 MP: 12/12
  8647 | D:9      | Got an encrusted leather armour
  8667 | D:9      | Identified the +1 leather armour "Osuex" {*Corrode Str+2 SInv} (You found it on level 9 of the Dungeon)
  8729 | D:9      | Noticed a cyclops
  8751 | D:9      | Killed a cyclops
  8754 | D:9      | Reached ***** piety under Lugonu
  8850 | D:9      | Found a staircase to the Lair.
  8850 | D:9      | Noticed an elephant
  8882 | D:9      | Killed an elephant
  9173 | D:9      | Learned a level 1 spell: Corona
  9177 | D:9      | Learned a level 3 spell: Confuse
  9181 | D:9      | Learned a level 3 spell: Dazzling Spray
  9234 | Lair:1   | Entered Level 1 of the Lair of Beasts
  9705 | Lair:1   | Noticed an oklob plant
  9705 | Lair:1   | Noticed an oklob plant
 10443 | Lair:2   | Noticed an elephant
 10443 | Lair:2   | Noticed an elephant
 10573 | Lair:2   | Noticed a six-headed hydra
 10575 | Lair:2   | Banished a six-headed hydra
 10575 | Lair:2   | Reached skill level 1 in Spellcasting
 10575 | Lair:2   | Reached XP level 11. HP: 85/85 MP: 13/13
 12019 | Lair:2   | Reached skill level 5 in Shields
 12128 | Lair:2   | Noticed a six-headed hydra
 12141 | Lair:2   | Banished an eight-headed hydra
 12423 | Lair:2   | Reached skill level 10 in Dodging
 13023 | Lair:3   | Found a labyrinth entrance.
 13038 | Lab      | Entered a labyrinth
 13127 | Lab      | Gained mutation: You are surrounded by a moderate repulsion field (EV +3). [demonic ancestry]
 13127 | Lab      | Reached XP level 12. HP: 68/94 MP: 11/15
 13678 | Lab      | Noticed a minotaur
 13678 | Lab      | Corrupted Lab
 13678 | Lab      | Noticed a tentacled starspawn
 13680 | Lab      | Noticed a tentacled starspawn
 13682 | Lab      | Noticed a starcursed mass
 13683 | Lab      | Noticed a vampire mage
 13683 | Lab      | Killed a minotaur
 13686 | Lab      | Noticed an eidolon
 14089 | Lab      | Identified Roxanne's Volume of the Mountains
 14168 | Lair:3   | Noticed Harold
 14184 | Lair:3   | Killed Harold
 14223 | Lair:3   | Found a hole to the Spider Nest.
 14771 | Lair:3   | Noticed an eight-headed hydra
 14786 | Lair:3   | Noticed Rupert
 15134 | Lair:3   | Corrupted Lair:3
 15134 | Lair:3   | Noticed a starcursed mass
 15134 | Lair:3   | Noticed a tentacled starspawn
 15135 | Lair:3   | Noticed a blizzard demon
 15139 | Lair:3   | Killed Rupert
 15140 | Lair:3   | Noticed a tentacled starspawn
 15140 | Lair:3   | Noticed a lich
 15357 | Lair:3   | Upgraded the game from 0.18.1-8-gdd0e5ea to 0.18.1-47-g9310371
 15478 | Lair:3   | Banished a 12-headed hydra
 15524 | Lair:3   | Noticed a four-headed hydra
 15536 | Lair:3   | Banished a nine-headed hydra
 15536 | Lair:3   | Reached skill level 5 in Invocations
 15889 | Lair:4   | Noticed a five-headed hydra
 15892 | Lair:4   | Banished a five-headed hydra
 16187 | Lair:4   | Reached skill level 10 in Axes
 16889 | Lair:5   | Gained mutation: You regenerate health from kills. [demonic ancestry]
 16889 | Lair:5   | Reached XP level 13. HP: 103/103 MP: 17/17
 17044 | Lair:5   | Found a staircase to the Shoals.
 17949 | Lair:6   | Reached skill level 10 in Fighting
 18849 | Lair:6   | Noticed Josephine
 19264 | Lair:6   | Killed Josephine
 19561 | Lair:6   | Corrupted Lair:6
 19561 | Lair:6   | Noticed a tentacled starspawn
 19561 | Lair:6   | Noticed a lorocyproca
 19561 | Lair:6   | Noticed an eidolon
 19561 | Lair:6   | Noticed a tentacled starspawn
 19561 | Lair:6   | Noticed a balrug
 19562 | Lair:6   | Noticed a tentacled starspawn
 19564 | Lair:6   | Noticed a starcursed mass
 19912 | Lair:6   | Got a translucent brass ring
 19927 | Lair:6   | Identified the ring "Erphi" {*Tele rC+ Dex+2} (You found it on level 6 of the Lair of Beasts)
 20301 | Lair:6   | Gained mutation: Your flesh is cold resistant. [potion of beneficial mutation]
 20628 | Lair:7   | Identified a scroll of acquirement
 21167 | Lair:8   | Entered Level 8 of the Lair of Beasts
 22169 | Lair:8   | Gained mutation: You have claws for hands. [demonic ancestry]
 22169 | Lair:8   | Reached XP level 14. HP: 108/111 MP: 19/19
 22551 | Lair:8   | Found a staircase to the Slime Pits.
 23286 | Lair:8   | HP: 2/113 [catoblepas (10)]
 23292 | Lair:8   | HP: 1/113 [catoblepas (7)]
 24392 | Lair:1   | Slain by a black mamba

Skill      XL: |  1  2  3  4  5  6  7  8  9 10 11 12 13 14 |
---------------+-------------------------------------------+-----
Axes           | 2 3 4 6 7 8 9 10 11 12 | 12.1
Dodging        | 1 2 3 4 5 7 8 10 11 12 | 12.1
Armour         | 2 3 4 5 6 7 8 |  8.0
Fighting       | 4 5 6 7 8 9 10 11 | 11.1
Stealth        | 1 2 3 |  3.9
Shields        | 2 4 5 6 8 |  8.2
Spellcasting   | 1 |  1.2
Invocations    | 4 6 7 8 |  8.1
Hexes          | |  0.6
Evocations     | |  0.8

Action                   |  1- 3 |  4- 6 |  7- 9 | 10-12 | 13-15 || total
-------------------------+-------+-------+-------+-------+-------++-------
Melee: Hand axe          |    89 |   202 |   357 |   958 |  1036 ||  2642
       Battleaxe         |    24 |    36 |   273 |       |       ||   333
 Cast: Corona            |       |       |       |     8 |       ||     8
Invok: Depart the Abyss  |     1 |       |       |       |       ||     1
       Bend Space        |       |     1 |     2 |     3 |     3 ||     9
       Banish            |       |       |       |    11 |    10 ||    21
       Corrupt           |       |       |       |     2 |     1 ||     3
Evoke: Wand              |       |       |       |     3 |    13 ||    16
  Use: Scroll            |     9 |     5 |    10 |    17 |    12 ||    53
       Potion            |     1 |     8 |     2 |    10 |     6 ||    27
 Stab: Distracted        |       |     1 |       |       |       ||     1
       Sleeping          |       |       |       |     3 |       ||     3
       Invisible         |       |       |       |     3 |       ||     3
       Petrified         |       |       |       |       |     2 ||     2
  Eat: Chunk             |    10 |    10 |    20 |    16 |    17 ||    73
       Bread ration      |       |       |     1 |     2 |       ||     3
       Meat ration       |       |       |     1 |       |       ||     1
       Beef jerky        |       |       |     5 |     1 |     4 ||    10
       Fruit             |       |       |     1 |     4 |     5 ||    10
       Royal jelly       |       |       |       |     2 |       ||     2
       Pizza             |       |       |       |     1 |     1 ||     2
Armor: Leather armour    |    26 |    35 |       |    77 |       ||   138
       Ring mail         |       |    23 |   213 |       |       ||   236
       Scale mail        |       |       |       |   141 |   221 ||   362
Dodge: Dodged            |    85 |   179 |   477 |   856 |   561 ||  2158
Block: Buckler           |       |       |    86 |   436 |   327 ||   849
